Cogmind - Beta 10.2 *** ADVENTURER MODE // 2021.01.29 @ 09:15:55 Player: Thiefwriter Result: Self-destructed Performance ------------- Evolutions (1) 500 Regions Visited (2) 400 Robots Destroyed (19) 95 Value Destroyed (464) 464 Prototype IDs (2) 40 Alien Tech Used (0) 0 Bonus (0) 0 TOTAL SCORE: 1499 Bonus ------- None Cogmind --------- Core Integrity 283/400 Matter 300/300 Energy 100/100 System Corruption 0% Temperature Cool (0) Movement Core (600) Ox11 Location -9/Materials Parts ------- > --- POWER (1) -------- (None) > --- PROPULSION (3) --- (None) > --- UTILITY (3) ------ Improved Heat Sink High-capacity Storage Unit Power Shielding > --- WEAPON (2) ------- (None) > --- INVENTORY (12) --- Aluminum Leg Aluminum Leg Large Storage Unit EM Pulse Gun Spread Laser Spread Laser Light Assault Rifle Grenade Launcher Peak State ------------ > --- POWER ------------ Light Nuclear Core > --- PROPULSION ------- Wheel Wheel Compact Wheel > --- UTILITY ---------- Improved Heat Sink High-capacity Storage Unit Power Shielding > --- WEAPON ----------- EM Pulse Gun Beam Cannon > --- INVENTORY -------- Aluminum Leg Aluminum Leg Large Storage Unit EM Pulse Gun Spread Laser Spread Laser Light Assault Rifle Grenade Launcher [Rating: 14] Favorites ----------- Power Ion Engine Engine Ion Engine Power Core Light Nuclear Core Propulsion Compact Wheel Leg Aluminum Leg Wheel Compact Wheel Utility Power Shielding Device Improved Heat Sink Storage High-capacity Storage Unit Protection Power Shielding Weapon Assault Rifle Energy Gun EM Pulse Gun Energy Cannon Beam Cannon Ballistic Gun Assault Rifle Build | -11 -10 -9 ------- Run | Scr Mat Mat Slots Evolved 2 | . . 2 Power . | . . . Propulsion 1 | . . 1 Utility 1 | . . 1 Weapon . | . . . Parts Attached 23 | 6 15 2 Power 3 | 1 2 . Engine 1 | 1 . . Core 2 | . 2 . Reactor . | . . . Propulsion 11 | 2 8 1 Treads . | . . . Leg 3 | . 3 . Wheel 8 | 2 5 1 Hover . | . . . Flight . | . . . Utility 5 | 1 3 1 Device 1 | . . 1 Storage 3 | 1 2 . Processor . | . . . Hackware . | . . . Protection 1 | . 1 . Artifact . | . . . Weapon 4 | 2 2 . Energy Gun 1 | . 1 . Energy Cannon 1 | . 1 . Ballistic Gun 2 | 2 . . Ballistic Cannon . | . . . Launcher . | . . . Special Weapon . | . . . Impact Weapon . | . . . Slashing Weapon . | . . . Piercing Weapon . | . . . Special Melee Weapon . | . . . Unidentified Prototypes . | . . . Parts Lost 8 | . 2 6 Power 1 | . . 1 Propulsion 5 | . 2 3 Utility . | . . . Weapon 2 | . . 2 Highest Loss Streak 6 | . 1 6 Average Slot Usage (%) 95 | . 97 81 Engine 7 | . 8 . Core 5 | . 4 8 Wheel 25 | . 26 22 Device 1 | . . 11 Storage 13 | . 13 11 Protection 13 | . 13 11 Energy Gun 5 | . 5 7 Energy Cannon 5 | . 5 9 Ballistic Gun 15 | . 17 . Naked Turns . | . . . Heaviest Build 44 | 13 43 44 Greatest Support 36 | 26 32 36 Greatest Overweight (x) 13 | . 4 13 Average Overweight (x) . | . . 2 Largest Inventory Capacity 12 | 6 12 12 Average Capacity 11 | 5 11 12 Most Carried 12 | 4 12 9 Average Carried 7 | 1 7 8 Final Capacity 12 | 6 12 12 Final Carried 10 | 4 10 8 Class Distribution -------------------- 92% | Mutant 7% | Scavenger-Mutant Dominant Class ---------------- Mutant | -10/Materials Scavenger-Mutant | -9/Materials Resources | -11 -10 -9 ----------- Run | Scr Mat Mat Matter Collected 588 | 216 342 30 Remotely . | . . . Salvage Created 587 | . 461 126 Parts 36 | . 29 7 Haulers Intercepted . | . . . Recyclers Shooed 1 | . 1 . Parts Field Recycled . | . . . Retrieved Matter . | . . . Parts Self-Destructed . | . . . Prevented . | . . . Kills | -11 -10 -9 ------- Run | Scr Mat Mat Combat Hostiles Destroyed 17 | . 12 5 Guns 11 | . 9 2 Cannons 6 | . 3 3 Classes Destroyed 5 | . 4 1 Worker 1 | . 1 . Watcher 1 | . 1 . Swarmer 7 | . 3 4 Grunt 9 | . 9 . Sentry 1 | . . 1 Best Kill Streak 6 | . 6 3 Combat Bots Only 6 | . 6 3 Max Kills in Single Turn 1 | . 1 1 Gunslinging . | . . . Exploded . | . . . Melee . | . . . Uniques/NPCs Destroyed . | . . . Combat | -11 -10 -9 -------- Run | Scr Mat Mat Damage Taken 847 | . 443 404 Core 202 | . 85 117 Absorbed by Shields . | . . . Core Remaining (%) 83 | 100 66 . Volleys Fired 51 | . 36 15 Largest 2 | . 2 2 Hottest 100 | . 100 100 Shots Fired 97 | . 72 25 Gun 74 | . 64 10 Cannon 23 | . 8 15 Launcher . | . . . Special . | . . . Kinetic 56 | . 56 . Thermal 23 | . 8 15 Explosive . | . . . Electromagnetic 18 | . 8 10 Robot Hit Streak 53 | . 47 53 Robot Miss Streak 2 | . 1 2 Penetration Max . | . . . Secondary Targets 3 | . 3 . Max Gunslinging Chain 1 | . 1 . Shots Hit Robots 83 | . 62 21 Core Hits 30 | . 24 6 Critical Hits 2 | . 2 . Critical Kills 2 | . 2 . Critical Parts Destroyed . | . . . Melee Attacks . | . . . Impact . | . . . Slashing . | . . . Piercing . | . . . Sneak Attacks . | . . . Combat Hostiles . | . . . Follow-up Attacks . | . . . Damage Inflicted 1178 | . 852 326 Guns 791 | . 711 80 Cannons 387 | . 141 246 Explosions . | . . . Melee . | . . . Ramming . | . . . Kinetic 646 | . 646 . Thermal 387 | . 141 246 Explosive . | . . . Electromagnetic 145 | . 65 80 Impact . | . . . Slashing . | . . . Piercing . | . . . Highest Corruption 1 | . 1 . Average Corruption 1 | . 1 . Corruption Purged . | . . . Effects 1 | . 1 . Targeting Errors 1 | . 1 . Overload Shots . | . . . Overflow Damage 5 | . . 5 Projectiles 5 | . . 5 Explosions . | . . . Melee . | . . . Knockbacks . | . . . Impact . | . . . Kinetic . | . . . Secondary . | . . . Self-Inflicted Damage . | . . . Shots . | . . . Rammed . | . . . Targets Rammed . | . . . Kicked . | . . . Crushed . | . . . Highest Temperature 312 | . 312 67 Average Temperature 116 | . 139 32 Received Heat Transfer 447 | . 270 177 Siege Activations . | . . . Robots Corrupted . | . . . Combat Hostiles . | . . . Parts Fried . | . . . Impact Corruptions . | . . . Robots Melted . | . . . Combat Hostiles . | . . . Parts Melted 1 | . . 1 Heat Transferred 814 | . 296 518 Parts Sabotaged . | . . . Parts Stolen . | . . . Parts Stripped . | . . . Power Chain Reactions . | . . . Missiles Intercepted . | . . . Alert | -11 -10 -9 ------- Run | Scr Mat Mat Peak Influence 212 | . 212 120 Initial . | . . . Average 74 | . 80 76 Maximum Alert Level 1 | . 1 . Low Security (%) 99 | 100 99 100 Level 1 . | . . . Level 2 . | . . . Level 3 . | . . . Level 4 . | . . . Level 5 . | . . . High Security . | . . . Max Security . | . . . Squads Dispatched 1 | . 1 . Investigation 1 | . 1 . Extermination . | . . . Reinforcement . | . . . Assault . | . . . Garrison . | . . . Intercept . | . . . Construction Impeded . | . . . Haulers Reinforced . | . . . Stealth | -11 -10 -9 --------- Run | Scr Mat Mat Distress Signals 1 | . 1 . Communications Jammed . | . . . Distress Signals . | . . . Times Spotted 26 | . 17 9 Peak Tracking Total 9 | . 9 4 Tactical Retreats 2 | . . 2 Traps | -11 -10 -9 ------- Run | Scr Mat Mat Traps Triggered 2 | . 2 . Indirectly . | . . . Trap Hack Attempts . | . . . Triggered . | . . . Disarmed . | . . . Reprogrammed . | . . . Reused . | . . . Traps Extracted . | . . . Installed . | . . . Triggered . | . . . Machines | -11 -10 -9 ---------- Run | Scr Mat Mat Machines Disabled . | . . . Max in Single Turn . | . . . Machines Sabotaged . | . . . Garrisons Compromised . | . . . Overloaded Fab Kills . | . . . Fab Network Shutdowns . | . . . Hacking | -11 -10 -9 --------- Run | Scr Mat Mat Machines Accessed 4 | . 4 . Terminals 3 | . 3 . Fabricators . | . . . Repair Stations 1 | . 1 . Recycling Units . | . . . Scanalyzers . | . . . Garrison Access . | . . . Total Hacks 12 | . 12 . Successful 11 | . 11 . Failed 1 | . 1 . Catastrophic . | . . . Database Lockouts . | . . . Manual . | . . . Terminals 10 | . 10 . Fabricators . | . . . Repair Stations 2 | . 2 . Recycling Units . | . . . Scanalyzers . | . . . Garrison Access . | . . . Terminal Hacks 9 | . 9 . Record 4 | . 4 . Prototype ID Bank 1 | . 1 . Emergency Access Points 1 | . 1 . Locate Traps 1 | . 1 . Recall Investigation 1 | . 1 . Zone Layout 1 | . 1 . Fabricator Hacks . | . . . Repair Station Hacks 2 | . 2 . Scan Component 1 | . 1 . Repair 1 | . 1 . Recycling Unit Hacks . | . . . Scanalyzer . | . . . Garrison Access Hacks . | . . . Unauthorized Hacks . | . . . Terminals . | . . . Fabricators . | . . . Repair Stations . | . . . Recycling Units . | . . . Scanalyzers . | . . . Garrison Access . | . . . Data Cores Recovered . | . . . Used . | . . . Hacking Detections 3 | . 3 . Full Trace Events . | . . . Feedback Events . | . . . Feedback Blocked . | . . . Robot Schematics Acquired . | . . . Robots Built . | . . . Matter . | . . . Time . | . . . Total Robot Build Rating . | . . . Part Schematics Acquired . | . . . Parts Built . | . . . Matter . | . . . Time . | . . . Total Part Build Rating . | . . . Parts Repaired 1 | . 1 . Time 38 | . 38 . Parts Recycled . | . . . Recycled Matter . | . . . Retrieved Matter . | . . . Retrieved Components . | . . . Parts Scanalyzed . | . . . Part Schematics Acquired . | . . . Parts Damaged . | . . . Bothacking | -11 -10 -9 ------------ Run | Scr Mat Mat Used RIF Installer . | . . . Robots Hacked . | . . . Non-combat . | . . . Combat . | . . . Robot Hacks Applied . | . . . Relay Couplers Released . | . . . Robots Rewired . | . . . Allies Hacked . | . . . Hacks Repelled . | . . . Allies | -11 -10 -9 -------- Run | Scr Mat Mat Total Allies . | . . . Largest Group . | . . . Highest-Rated Group . | . . . Highest-Rated Ally . | . . . Total Orders . | . . . Ally Attacks . | . . . Total Damage . | . . . Kills . | . . . Allies Corrupted . | . . . Allies Melted . | . . . Intel | -11 -10 -9 ------- Run | Scr Mat Mat Robot Analysis Total . | . . . Derelict Logs Recovered . | . . . Drone Launches . | . . . Drone Recoveries . | . . . Exploration | -11 -10 -9 ------------- Run | Scr Mat Mat Turns Passed 1171 | 75 962 134 Spaces Moved 848 | 68 724 56 Core 8 | 3 . 5 Treads . | . . . Legs 3 | . 3 . Wheels 837 | 65 721 51 Hover . | . . . Flight . | . . . Fastest Speed 50 | 50 80 96 Average Speed 103 | 87 101 145 Slowest Speed 700 | 90 180 700 Overloaded Moves . | . . . Propulsion Burnouts . | . . . Robots Hopped . | . . . Cave-ins Triggered . | . . . Exploration Rate (%) 33 | 4 88 7 Regions Visited 2 Branch Regions . Pre-discovered Areas . | . . . Known Exits Taken . | . . . Unknown Exits Taken 2 | 1 1 . Scrap Searched . | . . . Spaces Dug . | . . . Terrain Destroyed . | . . . Melee . | . . . Projectile . | . . . AOE . | . . . Terrain Rammed . | . . . Walls Destroyed . | . . . Machines Disabled . | . . . Actions | -11 -10 -9 --------- Run | Scr Mat Mat Total 1043 | 83 877 83 Wait 87 | . 77 10 Move 846 | 67 723 56 Hop . | . . . Pick Up 29 | 10 19 . Fast Attach . | . . . Attach 15 | 6 7 2 Detach 2 | . 2 . Swap 8 | . 8 . Drop 5 | . 5 . Fire 51 | . 36 15 Melee . | . . . Ram . | . . . Kick . | . . . Crush . | . . . Escape Stasis . | . . . Rewire . | . . . Trap . | . . . Miscellaneous . | . . . Route ------- -11/Scrapyard -10/Materials (discovered 4 exits: [*Mat x3] / [*Min]) -9/Materials History --------- Turn | Location | Event 16 | -11/Scrapyard | Discovered new exit (range 15) 76 | -11/Scrapyard | Entered Materials 313 | -10/Materials | Build established: Mutant 401 | -10/Materials | Discovered new exit (range 10) 676 | -10/Materials | Discovered new exit (range 9) 837 | -10/Materials | Repaired Lgt. Nuclear Core 938 | -10/Materials | Discovered new exit (range 3) 1012 | -10/Materials | Discovered new exit (range 8) 1038 | -10/Materials | Entered another Materials area 1038 | -9/Materials | Evolved 2 slots: Propulsion x1, Utility x1 1172 | -9/Materials | Self-destructed Last Messages --------------- Map updated. EXIT=FOUND PARAMETERS=PROPULSION_1,UTILITY_1 LOCATION=UNKNOWN GOAL=ESCAPE S-10 Pest destroyed. Acquired 20 matter. Acquired 10 matter. K-01 Serf collects debris. S-10 Pest destroyed. Wheel destroyed. EM Pulse Gun destroyed. Com. Wheel destroyed. Destroyed Heat Sink. U-05 Engineer lays Concrete. Beam Rifle melted. Y-45 Defender destroyed. Wheel destroyed. Lgt. Nuclear Core destroyed. Beam Cannon destroyed. Map ----- +----------------------------------------------------+ | ?????????????????????????????????????????????????? | | ?????????????????????????????????????????????????? | | ?????????????????????????????????????????????????? | | ?????????????????????????????????????????????????? | | ?????????????????????????????????????????????????? | | ?????????????????????????????????????????????????? | | ?????????????????????????????????????????????????? | | ?????????????????????????????????????????????????? | | ?????????????????????????????????????????????????? | | ?????????????????????????????????????????????????? | | ?????????????????????????? #????????????????????? | | ????????????????????????? ??????????????????? | | ???????? ???????????????? =!???????????????? | | ?????? ???????????????? = ??????????????? | | ??????# ??????????????? ???????????????? | | ??????# ???????????????# ???????????????? | | ??????# ???????????????# ???????????????? | | ??????# ???????????????# ???????????????? | | ??????# ???????????????# """???????????????? | | ??????# ???????????????# """"??????????????? | | ??????# ???????????????# """"??????????????? | | ??????# ###########????# """"??????????????? | | ??????# ##! ^ #????# """"??????????????? | | ?????## ## """"" #????# ! """"" #????????? | | ###### # """""=#???## """"" #????????? | | # """""=#####@ #??????????? | | T + %%/*=%g[ #??????????? | | # """""%#####* #??????????? | | ###### # """"" #???# #??????????? | | ?????## ## """"" #???########## #??????????? | | ??????# ##! #??????????????? #??????????? | | ??????# ###########?????????????????#??????????? | | ??????# #??????????????????????????????????????? | | ??????# #??????????????????????????????????????? | | ??????# #??????????????????????????????????????? | | ??????# #??????????????????????????????????????? | | ??????#####??????????????????????????????????????? | | ?????????????????????????????????????????????????? | | ?????????????????????????????????????????????????? | | ?????????????????????????????????????????????????? | | ?????????????????????????????????????????????????? | | ?????????????????????????????????????????????????? | | ?????????????????????????????????????????????????? | | | | | | | | | | | | | | | +----------------------------------------------------+ Best States ------------- Heat Dissipation 42 Energy Generation 14 Energy Capacity 250 Matter Stores 300 Matter Capacity 300 Sight Range 16 Terrain Scan Density 10 Resistance: KI 20 Resistance: TH 20 Resistance: EX 20 Resistance: EM 20 Resistance: I 20 Resistance: S 20 Resistance: P 20 Power Shielding 33 Evasion (%) 42 Offensive Hacking 10 Item Schematics ----------------- None Robot Schematics ------------------ None Fabricated ------------ Nothing Alien Tech Used ----------------- None Achievements -------------- None Challenges ------------ None Game ------ Seed MakeshiftArmorField Manual? 0 Play Time 00:17:25 Cumulative 3.0 hours Start 2021.01.29 @ 08:58:47 End 2021.01.29 @ 09:15:55 Sessions 1 Manual Loads 0 Difficulty Adventurer Special Mode None Game No. 9 Rogue 4 Adventurer 4 Explorer 1 Win Type - Total 0 Types 0/0/0/0/0/0/0/0/0 Lore% 2 Gallery% 6 Achievement% 5 Wizard Run 0 Options --------- ASCII 0 Keyboard 1 Movement Numpad Keybinds 0 Fullscreen 1 Font 18/SmallcapsGlow Map View 76x50 Tactical HUD 0 Map Filters NONE Filters NONE Steam 1 RUN: 4ad9e01d-4f7d-4740-9b88-f37339895285